 Dungeon Crawl Stone Soup version 0.29-a0-375-g5102b3be25 (webtiles) character file.

Game seed: 11641946332861051059

212 domi the Conjurer (level 5, -6/35 HPs)
             Began as a Demonspawn Hedge Wizard on May 3, 2022.
             Killed by divine providence
             ... invoked by an orc priest
              (12 damage)
             ... on level 4 of the Dungeon.
             The game lasted 00:06:54 (4312 turns).

domi the Conjurer (Demonspawn Hedge Wizard)         Turns: 4312, Time: 00:06:55

Health: -6/35      AC:  2    Str: 10    XL:     5   Next: 58%
Magic:  4/9        EV: 16    Int: 17    God:
Gold:   61         SH:  5    Dex: 13    Spells: 2/10 levels left

rFire   . . .      SeeInvis .   a - +0 dagger
rCold   + . .      Faith    .   (no shield)
rNeg    . . .      Spirit   .   b - +0 robe
rPois   .          Reflect  +   c - +0 hat
rElec   .          Harm     .   (no cloak)
rCorr   .          Rampage  .   (no gloves)
Will    .....                   (no boots)
Stlth   ++........              s - amulet of reflection
HPRegen 0.11/turn               r - ring of protection from cold {rC+}
MPRegen 0.22/turn               w - +4 ring of evasion

@: no status effects
A: magic regeneration
a: no special abilities


You were on level 4 of the Dungeon.
You visited 2 branches of the dungeon, and saw 5 of its levels.

You collected 123 gold pieces.
You spent 62 gold pieces at shops.

Inventory:

Hand Weapons
 a - a +0 dagger (weapon)
Armour
 b - a +0 robe (worn)
 c - a +0 hat (worn)
 o - a +0 pair of gloves
   (You found it on level 2 of the Dungeon)
Magical Staves
 d - a staff of air {rElec}
   (You found it on level 2 of the Dungeon)
 x - a staff of death {rN+}
   (You found it on level 3 of the Dungeon)
 C - a staff of conjuration {!a}
   (You found it on level 4 of the Dungeon)
Jewellery
 r - a ring of protection from cold (left hand) {rC+}
   (You found it on level 2 of the Dungeon)
 s - an amulet of reflection (around neck)
   (You found it on level 2 of the Dungeon)
 w - a +4 ring of evasion (right hand)
   (You found it on level 3 of the Dungeon)
 y - an amulet of magic regeneration
   (You found it on level 4 of the Dungeon)
Scrolls
 e - 4 scrolls of fog {unknown}
 f - a scroll of poison {unknown}
 i - 8 scrolls of identify {@r1}
 j - a scroll of immolation {unknown}
 k - a scroll of teleportation {unknown}
 n - 2 scrolls of enchant weapon {unknown}
 t - 2 scrolls of magic mapping {!r}
 u - 2 scrolls of fear {unknown}
 v - 2 scrolls of blinking {unknown}
 B - a scroll of silence {unknown}
 D - a scroll of enchant armour {unknown}
Potions
 g - 2 potions of ambrosia {unknown}
 h - a potion of flight {unknown}
 l - a potion of degeneration {unknown}
 m - a potion of curing {unknown}
 p - a potion of haste {unknown}
 q - a potion of lignification {unknown}
 z - a potion of mutation {unknown}
 A - 2 potions of berserk rage {unknown}


   Skills:
 - Level 1.7 Dodging
 - Level 1.7 Stealth
 - Level 3.0 Spellcasting
 - Level 5.0 Conjurations
 + Level 2.6 Summonings
 - Level 0.8 Translocations


You had 2 spell levels left.
You knew the following spells:

 Your Spells              Type           Power      Damage    Failure   Level
b - Blink                 Tloc           10%        N/A       19%         2
c - Mephitic Cloud        Conj/Pois/Air  8%         N/A       26%         3
x - Call Imp              Summ           11%        N/A       9%          2
z - Magic Dart            Conj           76%        1d6       2%          1

Your spell library contained the following spells:

 Spells                   Type           Power      Damage    Failure   Level
 Slow                     Hex            8%         N/A       17%         1
 Call Canine Familiar     Summ           11%        N/A       19%         3
 Conjure Flame            Conj/Fire      11%        6-21      19%         3
 Portal Projectile        Hex/Tloc       8%         N/A       41%         3
 Leda's Liquefaction      Hex/Erth       1%         N/A       86%         4


Dungeon Overview and Level Annotations

Branches:
Dungeon (4/15)             Temple (1/1) D:4

Altars:
Ashenzari
Dithmenos
Elyvilon
Fedhas
Hepliaklqana
Kikubaaqudgha
Makhleb
Nemelex Xobeh
Okawaru
Qazlal
Ru
Sif Muna
Uskayaw
Vehumet
Wu Jian
Xom
Yredelemnul
Zin

Shops:
D:4 *

Annotations:
D:2 1 runed translucent door, Crazy Yiuf


Innate Abilities, Weirdness & Mutations

You regenerate magic rapidly.


Message History

You closely miss the orc.
An orc priest comes into view. It is wielding a +0 whip.
The orc closely misses you.
An endoplasm comes into view.
The orc priest shouts!
The endoplasm quivers.
The orc closely misses you.
You barely miss the orc priest. You block the ball python's attack. x2
The orc priest barely misses you. The orc closely misses you.
The ball python attacks as you move away!
The ball python barely misses you. The ball python completely misses you.
The orc completely misses you. The ball python barely misses you.
The ball python closely misses you.
There is an open gate here.
The orc attacks as you move away! The orc barely misses you.
The ball python attacks as you move away!
You block the ball python's attack. The ball python completely misses you.
The orc priest hits the orc with a +0 flail!
The orc is killed!
The orc priest barely misses itself.
The ball python attacks as you move away!
The ball python bites you. You block the ball python's attack.
You take 1 damage, and have 23/35 hp.
The kobold attacks as you move away! The kobold closely misses you.
The orc priest miscasts a cantrip.
The ball python barely misses you. You block the ball python's attack.
The orc priest invokes the aid of Beogh against you.
Beogh smites you!
You take 11 damage, and have 12/35 hp.
MASSIVE DAMAGE!!
A beastly little devil appears in a puff of frigid air.
Your white imp says, "You called?"
The orc priest calls upon Beogh to heal something.
The kobold barely misses you. The ball python closely misses you.
The ball python misses you.
You now have 2/9 mp.
You barely miss the kobold. You block the ball python's attack.
The ball python grabs you. The ball python constricts you.
The kobold hits you but does no damage.
Your white imp gestures at the kobold.
The puff of frost hits the kobold!
The kobold dies!
You take 1 damage, and have 11/35 hp.
You escape the ball python's grasp.
You block the ball python's attack. The ball python barely misses you.
Things that are here:
a +0 dagger; a scroll of identify {@r1} You hit the ball python but do no damage.
You block the orc's attack. The ball python barely misses you.
The ball python closely misses you.
Your white imp closely misses the ball python.
You closely miss the ball python.
The ball python bites you but does no damage.
The ball python grabs you. The ball python constricts you.
The orc barely misses you.
Your white imp hits the ball python.
Your white imp freezes the ball python.
The ball python seems to slow down.
The ball python dies!
You take 1 damage, and have 11/35 hp.
The orc closely misses you.
Your white imp closely misses the orc.
You hit the orc but do no damage. The orc hits you with a +0 short sword.
* * * LOW HITPOINT WARNING * * *
The endoplasm hits you.
* * * LOW HITPOINT WARNING * * *
Your white imp hits the orc but does no damage.
You take 3 damage, and have 8/35 hp.
Unknown command.
The orc priest hits your white imp with a +0 whip.
Your white imp gestures at the orc priest.
The puff of frost misses the orc priest.
Your white imp gestures at the orc priest.
The puff of frost hits the orc priest!
The orc priest mumbles some strange prayers to Beogh against your white imp.
Your white imp is smitten.
Your white imp dies!
Your white imp disappears in a puff of smoke!
The orc attacks as you move away! The orc barely misses you.
The orc attacks as you move away! The orc barely misses you.
Okay, then.
A beastly little devil appears in a puff of flame.
The endoplasm freezes you.
You are frozen.
You resist.
* * * LOW HITPOINT WARNING * * *
The orc hits you with a +0 short sword.
* * * LOW HITPOINT WARNING * * *
You take 2 damage, and have 6/35 hp.
You now have 2/9 mp.
The endoplasm attacks as you move away! The endoplasm closely misses you.
Your crimson imp hits the orc but does no damage.
The orc hits your crimson imp with a +0 short sword.
The endoplasm barely misses your crimson imp.
Your crimson imp hits the orc but does no damage.
The orc barely misses your crimson imp.
The endoplasm closely misses your crimson imp.
Your crimson imp closely misses the orc.
The endoplasm hits your crimson imp but does no damage.
Your crimson imp barely misses the orc.
Your crimson imp hits the orc but does no damage.
The orc priest mumbles some strange prayers to Beogh against you.
Beogh smites you!
You die...

.....# #####.########## ..÷..#
#..............# .....####
#.##...........# ........#
##'##...........#
........######...#...........#
........+........#..........>###
.........#####...#.............#
............######...........#.#
##..#.....#.....@..oo5.......#.##
#..##.....##.........J...........
..##..#.#..##.....#######..).....
.##..##.##..##..### #........
....##...##.....# #........
.......>†......## #........
....##...##....# #........
.##..##.##..##.# #..).....
..##..#.#..##.... #...###''


You could see an orc priest, an orc (ally target), an endoplasm and a friendly
crimson imp (summoned).

Vanquished Creatures
  A hound (D:4)
  Natasha (twice) (D:2)
  3 gnolls (D:3)
  4 adders
  2 worms
  A dart slug (D:1)
  7 orcs
  6 bats
  2 endoplasms
  2 giant cockroaches
  5 goblins
  2 hobgoblins
  2 quokkas (D:4)
  5 ball pythons
  A frilled lizard (D:1)
  9 kobolds
  3 rats
57 creatures vanquished.

Vanquished Creatures (collateral kills)
  A ball python (D:4)
  A kobold (D:4)
2 creatures vanquished.

Grand Total: 59 creatures vanquished

Notes
Turn   | Place    | Note
-------+----------+-------------------------------------------
     0 | D:1      | domi the Demonspawn Hedge Wizard began the quest for the
                  | Orb.
     0 | D:1      | Reached XP level 1. HP: 13/13 MP: 4/4
   409 | D:1      | Found a faded altar of an unknown god.
   499 | D:1      | Reached skill level 2 in Conjurations
   499 | D:1      | Gained mutation: You regenerate magic rapidly. [demonic
                  | ancestry]
   499 | D:1      | Reached XP level 2. HP: 7/19 MP: 3/6
   897 | D:2      | HP: 4/19 [poisoned by an adder]
  1432 | D:2      | HP: 4/19 [worm (2)]
  2074 | D:2      | Reached skill level 3 in Conjurations
  2108 | D:2      | Reached XP level 3. HP: 24/24 MP: 5/7
  2196 | D:2      | Learned a level 2 spell: Call Imp
  2199 | D:2      | Learned a level 2 spell: Blink
  2203 | D:2      | Learned a level 3 spell: Mephitic Cloud
  2315 | D:2      | Noticed Natasha
  2320 | D:2      | Killed Natasha
  2538 | D:2      | Found a runed translucent door.
  2539 | D:2      | Noticed Crazy Yiuf
  2564 | D:2      | Noticed Natasha
  2569 | D:2      | Killed Natasha
  2570 | D:2      | Reached skill level 4 in Conjurations
  2570 | D:2      | Reached XP level 4. HP: 22/30 MP: 3/8
  3288 | D:3      | Reached skill level 5 in Conjurations
  3288 | D:3      | Reached XP level 5. HP: 32/35 MP: 1/9
  3916 | D:4      | Reached skill level 2 in Summonings
  3960 | D:4      | Found Seho's General Store.
  3965 | D:4      | Found Eriderr's Specific Store.
  3973 | D:4      | Bought a scroll of identify for 24 gold pieces
  3977 | D:4      | Bought a scroll of magic mapping for 38 gold pieces
  4035 | D:4      | Found a staircase to the Ecumenical Temple.
  4065 | Temple   | Entered the Ecumenical Temple
  4300 | D:4      | HP: 8/35 [endoplasm (1)]
  4306 | D:4      | HP: 8/35 [frozen (1)]
  4312 | D:4      | Killed from afar by an orc priest

Illustrated notes

Levels and vault maps discovered:
D:1:      dpeg_arrival_rooms_b, layout_rooms, basic_ecumenical_altar
D:2:      layout_loops_corners, uniq_natasha, uniq_crazy_yiuf_cottage
D:3:      layout_loops_ring
D:4:      layout_basic, minmay_temple_entry_waves, nicolae_specific_store,
          kennysheep_donut
Temple:   mainiacjoe_temple_coin_purse

Skill      XL: |  1  2  3  4  5 |
---------------+----------------+-----
Conjurations   | 2 3 4 5 |  5.0
Summonings     | 2 |  2.6
Dodging        | |  1.7
Stealth        | |  1.7
Spellcasting   | |  3.0
Translocations | |  0.8

Action                   |  1- 3 |  4- 6 || total
-------------------------+-------+-------++-------
Melee: Dagger            |     9 |    14 ||    23
       Punch             |       |     1 ||     1
 Cast: Magic Dart        |    89 |   101 ||   190
       Call Imp          |       |     2 ||     2
       Mephitic Cloud    |       |     1 ||     1
  Use: Potion            |     1 |       ||     1
 Stab: Sleeping          |       |     1 ||     1
Armor: Robe              |     4 |     4 ||     8
Dodge: Dodged            |    15 |    44 ||    59
Block: Other             |       |    12 ||    12

Table legend: (Time is in decaauts)
 A = Elapsed time spent in this place.
 B = Non-inter-level travel time spent in this place.
 C = Inter-level travel time spent in this place.
 D = Time resting spent in this place.
 E = Time spent auto-exploring this place.
 F = Levels seen in this place.
 G = Mean time per level.
                   A        B        C        D        E       F      G
               +--------+--------+--------+--------+--------+-----+--------+
         Total |   4312 |   4218 |     94 |   1031 |   2637 |   5 |  862.4 |
       Dungeon |   4198 |   4118 |     80 |   1031 |   2551 |   4 | 1049.5 |
        Temple |    113 |     99 |     14 |      0 |     86 |   1 |  113.0 |
               +--------+--------+--------+--------+--------+-----+--------+

Top non-repeatable levels by time:
     D:2: 2109 daAuts
     D:3: 975 daAuts
     D:1: 827 daAuts
     D:4: 287 daAuts
  Temple: 113 daAuts

Table legend:
 A = Kills in this place as a percentage of kills in entire the game.
 B = Kills by you in this place as a percentage of kills by you in the entire game.
 C = Kills by friends in this place as a percentage of kills by friends in the entire game.
 D = Other kills in this place as a percentage of other kills in the entire game.
 E = Experience gained in this place as a percentage of experience gained in the entire game.
 F = Experience gained in this place divided by the number of levels of this place that you have seen.
                   A       B       C       D       E      F
               +-------+-------+-------+-------+-------+----------------------
         Total | 100.0 | 100.0 | 100.0 | 100.0 | 100.0 |  60.6
       Dungeon | 100.0 | 100.0 | 100.0 | 100.0 | 100.0 |  75.8
               +-------+-------+-------+-------+-------+----------------------
